 Dungeon Sprint DCSS version 0.21-a0-442-g848f44b (webtiles) character file.

11 Kidiri the Ruffian (level 2, -2/25 HPs)
             Began as a Draconian Transmuter on Nov 16, 2017.
             Was an Initiate of Sif Muna.
             Slain by a river rat (6 damage)
             ... in the Dungeon (Sprint VII: "The Pits").
             The game lasted 00:00:57 (121 turns).

Kidiri the Ruffian (Draconian Transmuter)            Turns: 121, Time: 00:00:57

Health: -2/25      AC:  4    Str: 12    XL:     2   Next: 17%
Magic:  3/5        EV: 12    Int: 13    God:    Sif Muna [......]
Gold:   0          SH:  0    Dex: 11    Spells: 2/5 levels left

rFire    . . .     SeeInvis .     - Unarmed
rCold    . . .     Gourm    .   (no shield)
rNeg     . . .     Faith    .   (armour unavailable)
rPois    .         Spirit   .   (helmet restricted)
rElec    .         Reflect  .   (no cloak)
rCorr    .         Harm     .   (no gloves)
MR       .....     NoTele   +   (no boots)
Stlth    ++........             (no amulet)
HPRegen  0.08/turn              (no ring)
MPRegen  0.09/turn              (no ring)

@: appendage (expiring)
A: unfitting armour, horns 2, cold-blooded, AC +4
a: End Transformation, Renounce Religion


You were in the Dungeon.
You worshipped Sif Muna.
Sif Muna was noncommittal.
You were not hungry.
You had grown temporary horns.
You visited 1 branch

Inventory:

Missiles
 a - 11 arrows
Scrolls
 i - a scroll of blinking
 k - 3 scrolls of remove curse
 l - 5 scrolls of amnesia
 m - a scroll of summoning
Potions
 d - a potion of curing
 e - a potion of heal wounds
 f - a potion of haste
 g - 4 potions of magic
 h - 3 potions of berserk rage
 j - 2 potions of invisibility
Books
 b - a book of Changes

   Spells                             Type                      Level
   a - Beastly Appendage              Transmutation                1
   b - Sticks to Snakes               Transmutation                2
   c - Spider Form                    Transmutation/Poison         3
   d - Ice Form                       Ice/Transmutation            4
   e - Blade Hands                    Transmutation                5
Comestibles
 c - 8 bread rations
 n - 40 fruits
 o - 7 meat rations


   Skills:
 * Level 2.4 Fighting
 + Level 2.2 Dodging
 + Level 1.1 Stealth
 * Level 3.6 Unarmed Combat
 + Level 2.3 Spellcasting
 * Level 2.8 Transmutations


You had 2 spell levels left.
You knew the following spells:

 Your Spells              Type           Power        Failure   Level  Hunger
a - Beastly Appendage     Tmut           #.....       8%          1    #......
b - Sticks to Snakes      Tmut           #.......     12%         2    ###....


Dungeon Overview and Level Annotations

Branches:
Dungeon (1/1)

Altars:
Ashenzari
Cheibriados
Dithmenos
Elyvilon
Fedhas
Gozag
Hepliaklqana
Kikubaaqudgha
Makhleb
Nemelex Xobeh
Okawaru
Qazlal
Ru
Sif Muna
Trog
Uskayaw
Vehumet
Wu Jian
Xom
Yredelemnul
Zin
The Shining One
Beogh
Jiyva
Lugonu


Innate Abilities, Weirdness & Mutations

Your plain brown scales are hard. (AC +4)
You cannot fit into any form of body armour.
You are cold-blooded and may be slowed by cold attacks.
You have a pair of horns on your head.


Message History

The river rat bites you.
* * * LOW HITPOINT WARNING * * *
Unknown command.
You barely miss the river rat.
You tail-slap the river rat, but do no damage.
The river rat is severely wounded.
The river rat twitches its whiskers.
The river rat bites you.
* * * LOW HITPOINT WARNING * * *
You hit the river rat but do no damage.
The river rat is severely wounded.
The river rat bites you.
* * * LOW HITPOINT WARNING * * *
You completely miss the river rat.
The river rat is severely wounded.
The river rat closely misses you.
You barely miss the river rat. Your headbutt misses the river rat.
The river rat is severely wounded.
The river rat bites you.
You die...

#_________.#
#_________.#
#_______...###########++
##########+##...........
#.?(.+)))+.##......#..#.
##########.##...........
#...........'...........
#+#####'#####......#..#.
#...'@##...........
#...#r#####+#####++
#####.##.......#
+...#†##.......#
+...'.##.......#
########...<...#
#.......# #.......#
#.......#


You could see a river rat.

Vanquished Creatures
  2 oozes (D)
  A quokka (D)
  A ball python (D)
4 creatures vanquished.

Notes
Turn   | Place    | Note
-------+----------+-------------------------------------------
     0 | D        | Kidiri the Draconian Transmuter began the quest for the Orb.
     0 | D        | Reached XP level 1. HP: 16/16 MP: 3/3
    45 | D        | Found a bloodstained altar of Trog.
    45 | D        | Found a deep blue altar of Sif Muna.
    45 | D        | Found a viscous altar of Jiyva.
    45 | D        | Found a hazy altar of Hepliaklqana.
    45 | D        | Found an opulent altar of Gozag.
    46 | D        | Found a glowing golden altar of the Shining One.
    46 | D        | Found a glowing silver altar of Zin.
    46 | D        | Found a basalt altar of Yredelemnul.
    46 | D        | Found a shimmering altar of Xom.
    46 | D        | Found an ornate altar of the Wu Jian Council.
    46 | D        | Found a sacrificial altar of Ru.
    46 | D        | Found a stormy altar of Qazlal.
    46 | D        | Found an iron altar of Okawaru.
    46 | D        | Found a sparkling altar of Nemelex Xobeh.
    46 | D        | Found a burning altar of Makhleb.
    46 | D        | Found a blossoming altar of Fedhas.
    46 | D        | Found a white marble altar of Elyvilon.
    46 | D        | Found a shadowy altar of Dithmenos.
    46 | D        | Found a snail-covered altar of Cheibriados.
    49 | D        | Found a corrupted altar of Lugonu.
    49 | D        | Found a radiant altar of Vehumet.
    49 | D        | Found a roughly hewn altar of Beogh.
    50 | D        | Found an ancient bone altar of Kikubaaqudgha.
    50 | D        | Found a hide-covered altar of Uskayaw.
    50 | D        | Found a shattered altar of Ashenzari.
    53 | D        | Became a worshipper of Sif Muna the Loreminder
    77 | D        | Reached skill level 1 in Stealth
    77 | D        | Reached XP level 2. HP: 24/25 MP: 5/5
    84 | D        | Learned a level 2 spell: Sticks to Snakes
   121 | D        | Slain by a river rat

Vault maps used:
D:        pitsprint

Skill      XL: |  1 |
---------------+----+-----
Fighting       | 2 |  2.4
Dodging        | 2 |  2.2
Stealth        | 1 |  1.1
Unarmed Combat | |  3.6
Spellcasting   | |  2.3
Transmutations | |  2.8

Action                   || total
-------------------------++-------
Melee: Unarmed           ||    28
       Headbutt          ||     6
       Tailslap          ||     3
 Cast: Beastly Appendage ||     4
       Sticks to Snakes  ||     1
 Stab: Sleeping          ||     1
Armor: Skin              ||     4
Dodge: Dodged            ||    11

Table legend:
 A = Spawn XP
 B = Non-spawn XP
 C = Spawn XP percentage of total XP
 D = Spawn monster count
 E = Non-spawn monster count
 F = Spawn count percentage of total count
 G = Total turns spent on level
                    A         B        C        D         E        F      G
               +---------+---------+-------+---------+---------+-------+---------
         Total |       0 |      17 |   0.0 |       0 |       4 |   0.0 |   121
               +---------+---------+-------+---------+---------+-------+---------
             D |       0 |      17 |   0.0 |       0 |       4 |   0.0 |   121
               +---------+---------+-------+---------+---------+-------+---------
